Map: Blackpink LE

Players

CinDra - Winner!

  • Race: Protoss Protoss
  • Spawn Location: 7:00

A.I. 1 (Very Easy)

  • Race: Terran Terran
  • Spawn Location: 1:00

VOD

Have the link to the VOD?

Description

Time

  • Played on: Jan. 19, 2018, 4:23 p.m.
  • Length: 12:10
Show
View Real Time Build Order
Export as new Build Order

CinDra Protoss - Winner!

Build Orders:  

Get SALT Encoding   

  12  0:21  Probe (Chrono Boost)  
  13  0:34  Probe (Chrono Boost)  
  14  0:39  Pylon, Probe (Chrono Boost)  
  16  0:57  Probe  
  16  1:01  Gateway  
  16  1:07  Assimilator  
  16  1:09  Probe (Chrono Boost)  
  17  1:21  Probe (Chrono Boost)  
  18  1:28  Probe (Chrono Boost)  
  19  1:35  Probe  
  20  1:47  Probe  
  20  1:49  Zealot, Nexus  
  23  1:56  Cybernetics Core  
  23  2:09  Pylon  
  23  2:23  Warp Gate (Chrono Boost)  
  23  2:27  Zealot, Probe  
  26  2:30  Pylon  
  26  2:36  Pylon  
  26  2:39  Probe  
  26  2:41  Gateway  
  27  2:51  Probe, Assimilator  
  29  3:06  Probe (Chrono Boost)  
  29  3:07  Probe (Chrono Boost)  
  30  3:17  Probe (Chrono Boost)  
  30  3:19  Probe (Chrono Boost)  
  32  3:32  Robotics Facility  
  32  3:37  Probe x2  
  34  3:49  Probe x2  
  36  3:58  Adept x2  
  36  4:01  Probe x2  
  42  4:13  Probe (Chrono Boost)  
  42  4:14  Probe (Chrono Boost)  
  44  4:17  Assimilator  
  44  4:19  Assimilator  
  44  4:22  Pylon  
  44  4:25  Probe (Chrono Boost)  
  44  4:27  Probe (Chrono Boost)  
  44  4:28  Observer  
  47  4:48  Gateway  
  47  4:49  Gateway  
  47  4:51  Gateway  
  47  4:52  Gateway  
  47  4:56  Probe  
  47  4:57  Probe  
  49  5:02  Adept x2  
  53  5:08  Probe  
  53  5:09  Probe  
  55  5:20  Probe  
  55  5:21  Probe, Immortal  
  61  5:27  Adept  
  61  5:28  Adept  
  65  5:33  Pylon  
  65  5:36  Pylon  
  65  5:39  Pylon  
  65  5:47  Probe x2  
  67  5:59  Probe x2  
  69  6:11  Probe  
  69  6:12  Probe  
  71  6:21  Adept  
  71  6:22  Adept  
  71  6:23  Probe  
  71  6:24  Probe  
  77  6:30  Adept  
  77  6:31  Adept x3  
  84  6:36  Probe x2  
  86  6:41  Pylon  
  86  6:44  Pylon, Immortal  
  90  6:48  Probe, Pylon  
  90  6:52  Pylon  
  90  6:53  Forge x2  
  91  7:03  Robotics Facility  
  91  7:05  Robotics Facility  
  91  7:11  Adept x3  
  91  7:12  Adept x3  
  103  7:29  Immortal  
  107  7:32  Nexus  
  107  7:44  Probe x2  
  109  7:48  Adept x3  
  109  7:49  Adept x3  
  121  7:56  Probe x2  
  121  7:57  Pylon  
  123  8:03  Pylon  
  123  8:08  Probe  
  124  8:21  Probe x2  
  124  8:23  Pylon  
  126  8:33  Probe x2  
  128  8:41  Immortal  
  128  8:42  Immortal x2  
  128  8:43  Assimilator  
  128  8:45  Probe x2, Assimilator  
  128  8:47  Protoss Ground Weapons Level 1, Protoss Ground Armor Level 1  
  142  9:01  Adept  
  142  9:02  Adept x3  
  148  9:03  Adept x2  
  154  9:20  Probe  
  154  9:21  Probe x2, Immortal  
  161  9:31  Adept x2  
  165  9:47  Pylon  
  165  9:56  Pylon  
  165  9:58  Pylon  
  165  10:05  Probe x2  
  167  10:24  Adept x4  
  167  10:25  Adept x2  
  179  10:35  Pylon  
  179  10:36  Pylon  
  179  10:37  Pylon  
  179  10:53  Adept  
  179  10:54  Adept x5  
  191  11:09  Gateway x2  
  191  11:11  Gateway  
  191  11:17  Gateway  
  191  11:19  Gateway  
  191  11:23  Adept x4  
Show
View Real Time Build Order
Export as new Build Order

A.I. 1 (Very Easy) Terran 

Build Orders:  

Get SALT Encoding   

  12  0:00  SCV  
  13  0:13  SCV  
  14  0:19  Supply Depot  
  14  0:38  Refinery  
  14  0:43  Barracks  
  14  1:05  Supply Depot  
  14  1:11  Refinery  
  14  1:29  SCV  
  14  1:30  Marine  
  16  1:41  SCV  
  17  1:53  SCV  
  18  2:00  Marine  
  19  2:05  SCV  
  20  2:18  SCV  
  21  2:30  Marine, SCV  
  23  2:42  Orbital Command  
  23  5:38  SCV, Marine  
  23  5:41  Supply Depot  
  25  5:45  Factory  
  25  6:03  SCV  
  26  6:05  Supply Depot  
  26  6:12  Barracks Tech Lab  
  26  6:15  SCV  
  24  6:27  SCV  
  24  6:30  Marine, Starport  
  26  6:39  SCV  
  27  6:49  Command Center  
  27  7:04  Marine  
  27  7:07  Starport Tech Lab  
  28  7:26  Raven  
  30  7:38  Marauder  
  32  8:02  SCV  
  33  8:09  Raven, SCV  
  33  8:10  Refinery  
  33  8:11  Marine  
  37  8:13  Refinery  
  37  8:16  SCV  
  38  8:23  SCV  
  39  8:30  SCV  
  40  8:37  SCV  
  41  8:45  SCV  
  42  8:52  SCV  
  43  8:59  SCV  
  44  9:06  SCV  
  45  9:13  SCV  
  46  9:20  SCV  
  47  9:28  SCV  
  48  9:35  SCV  
  49  9:42  SCV  
  50  10:54  Marine, Medivac  
  50  10:56  Supply Depot  
  47  11:12  Marauder  
  49  11:24  Medivac  
  51  11:34  Marauder  
  51  11:35  Supply Depot  
  51  11:36  SCV  
  33  11:50  SCV  
  30  12:00  Command Center  
Tags
 
Matchup
PvT
Spawn Locations
Cross Positions
Add a new tag
Caveats
  • Supply blocks, unpowered buildings, or Contaminate may cause inaccurate times.
  • Supply counts are checked every 10 seconds.